[Event "ICC tourney 2601 (40 5)"]
[Site "Internet Chess Club"]
[Date "2021.06.12"]
[Round "2"]
[White "MARTIN, CHARLOTTE LI:K01-30136112"]
[Black "EMERSON COYLE, DELILAH M:K01-16984051"]
[Result "0-1"]
[ICCResult "White checkmated"]
[WhiteElo "631"]
[BlackElo "943"]
[Opening "QGD: 4.Bg5 Be7"]
[ECO "D53"]
[NIC "QO.13"]
[Time "14:05:48"]
[PlyCount "68"]
[TimeControl "2400+5"]

1. d4 d5 2. c4 e6 3. Nc3 Nf6 4. Bg5 Be7 5. Nf3 O-O 6. g3 Nc6 7. Bg2 h6 8.
O-O hxg5 9. Nxg5 Ng4 10. Nf3 dxc4 11. h3 Nh6 12. d5 exd5 13. Nxd5 Bc5 14.
Rc1 Be6 15. e4 Bxd5 16. exd5 Ne7 17. Rxc4 Bb6 18. Rc2 Qxd5 19. Rd2 Qe6 20.
Re1 Qf6 21. Ne5 Qg5 22. Nf3 Qxg3 23. Nd4 Bxd4 24. Rxd4 Qg5 25. h4 Qf6 26.
Rd7 Ng6 27. h5 Nf4 28. Qd4 Qg5 29. Qe4 Rfe8 30. Qf3 Rxe1+ 31. Kh2 Ng4+ 32.
Kg3 Ne5+ 33. Kh2 Nxf3+ 34. Bxf3 Qh4# { White checkmated } 0-1

[Event "ICC tourney 2601 (40 5)"]
[Site "Internet Chess Club"]
[Date "2021.06.12"]
[Round "2"]
[White "SMIRNOV, ALEXANDER:K01-30029349"]
[Black "ZHAO, ERICA:K01-17156172"]
[Result "1-0"]
[ICCResult "Black checkmated"]
[WhiteElo "885"]
[BlackElo "463"]
[Opening "Petrov's defense"]
[ECO "C42"]
[NIC "RG.03"]
[Time "14:01:21"]
[PlyCount "133"]
[TimeControl "2400+5"]

1. e4 e5 2. Nf3 Nf6 3. Nxe5 Nc6 4. Nxc6 dxc6 5. Nc3 Bc5 6. Qf3 Bg4 7. Qd3
Qxd3 8. Bxd3 Nd7 9. f3 Bh5 10. b3 O-O 11. Bb2 Ne5 12. O-O-O Nxd3+ 13. cxd3
Rad8 14. Kc2 f5 15. h4 Bb4 16. exf5 Bxc3 17. Bxc3 Bf7 18. g4 Bd5 19. Rh3 g6
20. Rg1 Rde8 21. h5 g5 22. h6 Re2 23. Rgg3 Rfe8 24. Rh5 Kf7 25. Rxg5 Rf2
26. Rg7+ Kf8 27. Rxh7 Bxf3 28. Rh8+ Kf7 29. Rxe8 Kxe8 30. h7 Rh2 31. h8=Q+
Rxh8 32. Bxh8 Bh1 33. f6 Kf7 34. g5 Bd5 35. Re3 Kg6 36. Rg3 a6 37. Bg7 b6
38. Re3 Bf7 39. Re7 a5 40. Rxc7 Be6 41. Rxc6 Bd5 42. Rxb6 Bf7 43. Rb5 Be6
44. Rxa5 Bf7 45. d4 Be6 46. d5 Bf7 47. d6 Be8 48. Ra8 Bc6 49. Rc8 Bd7 50.
Rc7 Bf5+ 51. d3 Be6 52. d7 Bxd7 53. Rxd7 Kxg5 54. f7 Kf5 55. f8=Q+ Ke6 56.
Qe7+ Kf5 57. Qf6+ Kg4 58. Rd4+ Kg3 59. Qf4+ Kg2 60. Qg4+ Kf2 61. Qf4+ Kg2
62. Qd2+ Kf3 63. Rf4+ Kg3 64. Qf2+ Kh3 65. Rf3+ Kg4 66. Qg3+ Kh5 67. Rf5# {
Black checkmated } 1-0

[Event "ICC tourney 2601 (40 5)"]
[Site "Internet Chess Club"]
[Date "2021.06.12"]
[Round "2"]
[White "LIN, MICHAEL:K01-17281737"]
[Black "DANCIG PERLMAN, GOGO:K01-17151222"]
[Result "0-1"]
[ICCResult "White resigns"]
[WhiteElo "520"]
[BlackElo "875"]
[Opening "Scandinavian defense"]
[ECO "B01"]
[NIC "SD.03"]
[Time "14:01:21"]
[PlyCount "68"]
[TimeControl "2400+5"]

1. e4 d5 2. exd5 Nf6 3. Nc3 Nxd5 4. d4 Bf5 5. Bc4 Nb4 6. Bd3 Bxd3 7. cxd3
Qxd4 8. Qa4+ N8c6 9. Nge2 Nxd3+ 10. Kd2 Qd7 11. Kc2 Nxf2 12. Rf1 Qd3+ 13.
Kb3 Qf5 14. Be3 Qe6+ 15. Kc2 Qxe3 16. Rad1 e6 17. a3 Bc5 18. Qb5 Bb6 19.
Qh5 O-O 20. Rd2 Rad8 21. Rxd8 Rxd8 22. Kb1 Nd4 23. Ng3 Qd3+ 24. Ka2 Nb5 25.
Nxb5 Qc4+ 26. Ka1 Bc5 27. Nc3 Rd3 28. Qg5 f6 29. Qh5 Rxc3 30. Qe8+ Bf8 31.
bxc3 Qxc3+ 32. Ka2 Qxa3+ 33. Kb1 Qb3+ 34. Ka1 Nd3 { White resigns } 0-1

[Event "ICC tourney 2601 (40 5)"]
[Site "Internet Chess Club"]
[Date "2021.06.12"]
[Round "2"]
[White "PATEL, RAZA MIKAL:K01-17166561"]
[Black "XU, OWEN:K01-30020820"]
[Result "0-1"]
[ICCResult "White checkmated"]
[WhiteElo "595"]
[BlackElo "1127"]
[Opening "Sicilian: closed"]
[ECO "B24"]
[NIC "SI.44"]
[Time "14:01:17"]
[PlyCount "82"]
[TimeControl "2400+5"]

1. e4 c5 2. Nc3 Nc6 3. g3 g6 4. Bg2 Bg7 5. Nge2 e6 6. d3 Nge7 7. O-O O-O 8.
Be3 b6 9. f4 d5 10. Bf2 Bb7 11. e5 Nf5 12. g4 Nh6 13. Ng3 Kh8 14. h3 Ng8
15. g5 Nge7 16. h4 Qd7 17. h5 gxh5 18. Qxh5 Ng6 19. Be1 Nd4 20. Rc1 Nf5 21.
Nxf5 exf5 22. Bd2 a6 23. Kf2 Rfe8 24. Rh1 Nf8 25. Kg1 d4 26. Bxb7 dxc3 27.
Bxa8 cxd2 28. Rd1 Rxa8 29. Rxd2 Qd4+ 30. Kf1 Qxf4+ 31. Rf2 Qxe5 32. Rfh2
Qxb2 33. Qf3 Qc1+ 34. Kg2 Qxg5+ 35. Kf1 Qc1+ 36. Kg2 Qxc2+ 37. Kh3 Qc3 38.
Qxa8 Qxd3+ 39. Kg2 Qe2+ 40. Kg3 Be5+ 41. Kh3 Qg4# { White checkmated } 0-1

[Event "ICC tourney 2601 (40 5)"]
[Site "Internet Chess Club"]
[Date "2021.06.12"]
[Round "2"]
[White "TENDULKAR, OJAS:K01-16963734"]
[Black "SHANGIN, LEV:K01-17117362"]
[Result "1-0"]
[ICCResult "Black resigns"]
[WhiteElo "1421"]
[BlackElo "1044"]
[Opening "English opening"]
[ECO "A10"]
[NIC "EO.64"]
[Time "14:01:19"]
[PlyCount "59"]
[TimeControl "2400+5"]

1. c4 g6 2. Nc3 Bg7 3. e4 Nc6 4. Nge2 d6 5. d4 Nf6 6. f3 b6 7. Be3 Ba6 8.
d5 Ne5 9. Qa4+ Ned7 10. Qxa6 O-O 11. O-O-O Nb8 12. Qa4 a5 13. g4 Nfd7 14.
h4 Na6 15. h5 Nac5 16. Qc2 Ne5 17. Nd4 Nxc4 18. Bxc4 Bxd4 19. Bxd4 g5 20.
f4 f6 21. fxg5 fxg5 22. e5 Rf4 23. e6 a4 24. Ne2 Rf8 25. Be3 a3 26. b3 Ra5
27. Bxg5 Nxe6 28. Bd2 Nc5 29. Bxa5 bxa5 30. g5 { Black resigns } 1-0

[Event "ICC tourney 2601 (40 5)"]
[Site "Internet Chess Club"]
[Date "2021.06.12"]
[Round "2"]
[White "YANG, LUCAS:K01-16740405"]
[Black "AYYAPPAN, SANTHOSH:K01-16959235"]
[Result "0-1"]
[ICCResult "White resigns"]
[WhiteElo "1049"]
[BlackElo "1641"]
[Opening "Four knights: Scotch, 4...exd4"]
[ECO "C47"]
[NIC "KP.06"]
[Time "14:01:13"]
[PlyCount "72"]
[TimeControl "2400+5"]

1. e4 e5 2. Nf3 Nc6 3. Nc3 Nf6 4. d4 exd4 5. Nxd4 Nxd4 6. Qxd4 d6 7. Bf4
Be6 8. O-O-O Be7 9. e5 dxe5 10. Qxe5 Bd6 11. Qg5 Bxf4+ 12. Qxf4 Qe7 13. Bd3
O-O 14. Rhe1 Qc5 15. Ne4 Nxe4 16. Qxe4 g6 17. a4 Qxf2 18. Qxb7 Qf4+ 19. Kb1
Qxa4 20. Qxc7 Qa2+ 21. Kc1 Qa1+ 22. Kd2 Qxb2 23. Rb1 Qf6 24. c3 Qg5+ 25.
Kc2 Rfc8 26. Qb7 Bd5 27. Qb4 Qxg2+ 28. Re2 Qg5 29. h4 Qd8 30. Bb5 Qb6 31.
Qe7 Qd4 32. Re3 Be6 33. Rbe1 Bf5+ 34. Kb2 Qb6 35. Re5 a6 36. Qf6 Qxf6 {
White resigns } 0-1

[Event "ICC tourney 2601 (40 5)"]
[Site "Internet Chess Club"]
[Date "2021.06.12"]
[Round "2"]
[White "SU, WINTER:K01-30067922"]
[Black "ZOU, ANDREW:K01-30100762"]
[Result "1-0"]
[ICCResult "Black resigns"]
[WhiteElo "912"]
[BlackElo "1301"]
[Opening "Sicilian: Alapin's variation (2.c3)"]
[ECO "B22"]
[NIC "SI.46"]
[Time "14:01:19"]
[PlyCount "85"]
[TimeControl "2400+5"]

1. e4 c5 2. c3 Nc6 3. d4 cxd4 4. cxd4 e6 5. d5 exd5 6. exd5 Ne5 7. Nc3 Nf6
8. d6 Qb6 9. Nb5 Kd8 10. Be3 Qa5+ 11. Bd2 Qb6 12. Bg5 a6 13. Be3 Qa5+ 14.
Bd2 Qb6 15. Qa4 a5 16. Be3 Qc6 17. Rc1 Qa6 18. Nc7 Qxd6 19. Nxa8 Qb4+ 20.
Qxb4 Bxb4+ 21. Kd1 b5 22. Nb6 Ba6 23. Bxb5 Bb7 24. Bd4 d6 25. Bxe5 dxe5 26.
Nf3 Bd6 27. Kd2 Ne4+ 28. Kc2 Nxf2 29. Rhf1 Ng4 30. Nc4 Be4+ 31. Kb3 Bc7 32.
Rcd1+ Kc8 33. Rd7 Bg6 34. Rc1 Kb8 35. Rxc7 Kxc7 36. Ncxe5+ Kb6 37. Rc6+ Kb7
38. Nxg4 f6 39. Ka4 Be8 40. Re6 Bxb5+ 41. Kxb5 Rc8 42. Rb6+ Ka7 43. Nd4 {
Black resigns } 1-0

[Event "ICC tourney 2601 (40 5)"]
[Site "Internet Chess Club"]
[Date "2021.06.12"]
[Round "2"]
[White "DEBMISRA, ARIV:K01-17314200"]
[Black "WU, WINSTON:K01-30022609"]
[Result "0-1"]
[ICCResult "White resigns"]
[WhiteElo "308"]
[BlackElo "1214"]
[Opening "QGD: Charousek (Petrosian) variation"]
[ECO "D31"]
[NIC "QP.08"]
[Time "14:01:18"]
[PlyCount "62"]
[TimeControl "2400+5"]

1. d4 d5 2. c4 e6 3. Nc3 Be7 4. Nf3 Nf6 5. e3 O-O 6. Bd3 h6 7. O-O c5 8.
Re1 Nc6 9. a3 a6 10. b3 b6 11. Bb2 Bb7 12. Be2 Bd6 13. Qd2 Na5 14. Qc2 dxc4
15. bxc4 Bxf3 16. Bxf3 Rc8 17. Be2 cxd4 18. exd4 Nxc4 19. Bxc4 Rxc4 20.
Rad1 Nd5 21. Qb3 Nxc3 22. Bxc3 Rc6 23. Kh1 Qf6 24. Kg1 Qh4 25. g3 Qg5 26.
Rd2 Rfc8 27. Rc2 Qd5 28. Qb2 Qb5 29. Qc1 Qb3 30. Re3 Bxa3 31. Qd1 Rxc3 {
White resigns } 0-1

[Event "ICC tourney 2601 (40 5)"]
[Site "Internet Chess Club"]
[Date "2021.06.12"]
[Round "2"]
[White "CHETLAPALLI, VISHNU:K01-30144870"]
[Black "YE, WANRU:K01-30135407"]
[Result "1-0"]
[ICCResult "Black checkmated"]
[WhiteElo "1069"]
[BlackElo "684"]
[Opening "QGD: 4.Bg5"]
[ECO "D50"]
[NIC "QO.16"]
[Time "14:01:20"]
[PlyCount "121"]
[TimeControl "2400+5"]

1. d4 d5 2. c4 e6 3. Nc3 Nf6 4. Bg5 dxc4 5. e4 Nc6 6. Nf3 Bb4 7. e5 h6 8.
Bh4 g5 9. Nxg5 hxg5 10. Bxg5 Rg8 11. Bxf6 Qd5 12. a3 Bxc3+ 13. bxc3 Bd7 14.
Rb1 Na5 15. Rg1 Qe4+ 16. Kd2 Nb3+ 17. Rxb3 cxb3 18. Qxb3 a5 19. g3 Rg4 20.
Bg2 Qf5 21. f3 Ra7 22. c4 Rxd4+ 23. Ke3 c5 24. f4 a4 25. Qc3 b6 26. Kf2 Qd3
27. Qxd3 Rxd3 28. Rb1 Rd2+ 29. Kg1 Bc8 30. Rxb6 Rad7 31. Bc6 Rd1+ 32. Kg2
Rd2+ 33. Kh3 Rd3 34. Bxd7+ Rxd7 35. Rb8 Rc7 36. Kg4 Kd7 37. h4 Ba6 38. h5
Rc8 39. Rxc8 Kxc8 40. h6 Bxc4 41. h7 Be2+ 42. Kh4 c4 43. h8=Q+ Kb7 44. Qh7
c3 45. Qe4+ Kb6 46. Qxe2 c2 47. Qxc2 Kb5 48. f5 exf5 49. Qxf5 Kc4 50. e6
fxe6 51. Qxe6+ Kc5 52. g4 Kb5 53. g5 Kc5 54. g6 Kb5 55. g7 Kc5 56. g8=Q Kb5
57. Qb8+ Kc5 58. Qed6+ Kc4 59. Qbc7+ Kb5 60. Qdc5+ Ka6 61. Q7c6# { Black
checkmated } 1-0

[Event "ICC tourney 2601 (40 5)"]
[Site "Internet Chess Club"]
[Date "2021.06.12"]
[Round "2"]
[White "QU, BRIAN:K01-30017435"]
[Black "KASHYAP, MANISHB:K01-16792955"]
[Result "0-1"]
[ICCResult "White checkmated"]
[WhiteElo "1482"]
[BlackElo "1057"]
[Opening "Sicilian: closed, 2...Nc6"]
[ECO "B23"]
[NIC "SI.44"]
[Time "14:01:18"]
[PlyCount "64"]
[TimeControl "2400+5"]

1. e4 c5 2. Nc3 Nc6 3. Bc4 Nf6 4. d3 e6 5. Bf4 Be7 6. Nf3 O-O 7. O-O d5 8.
exd5 exd5 9. Bb5 Bd7 10. Re1 Re8 11. Qd2 a6 12. Bxc6 Bxc6 13. Ne5 Rc8 14.
Nxc6 Rxc6 15. Rad1 b5 16. Re5 d4 17. Ne4 Ng4 18. Rh5 Rg6 19. Nxc5 Nf6 20.
Rf5 Qc8 21. Rxf6 Bxf6 22. Ne4 Qg4 23. f3 Qxf3 24. Re1 Rd8 25. Nxf6+ gxf6
26. Bh6 Qh5 27. Qa5 Qd5 28. g3 Rxh6 29. c4 dxc3 30. bxc3 Qxd3 31. Qb6 Qd2
32. Rf1 Qxh2# { White checkmated } 0-1

[Event "ICC tourney 2601 (40 5)"]
[Site "Internet Chess Club"]
[Date "2021.06.12"]
[Round "2"]
[White "HANKE, HARVEY:K01-17137475"]
[Black "WENG, JOHNSON:K01-30136161"]
[Result "1-0"]
[ICCResult "Black checkmated"]
[WhiteElo "1132"]
[BlackElo "736"]
[Opening "KGA: Abbazia defense, modern variation"]
[ECO "C31"]
[NIC "KG.04"]
[Time "14:01:19"]
[PlyCount "149"]
[TimeControl "2400+5"]

1. e4 e5 2. f4 d5 3. exd5 exf4 4. Nf3 Nf6 5. d4 c6 6. dxc6 Nxc6 7. Bxf4 Be7
8. Be2 O-O 9. O-O Bf5 10. c3 h6 11. Bd3 Bxd3 12. Qxd3 Rc8 13. Nbd2 Nh5 14.
Be3 Nf6 15. Rae1 Nd5 16. Bf2 Bf6 17. Ne4 Be7 18. Bg3 Na5 19. Ned2 Bf6 20.
Re2 Nb6 21. Rfe1 Nac4 22. Nxc4 Nxc4 23. Ne5 Bxe5 24. Bxe5 Qb6 25. b3 Nxe5
26. Rxe5 Qc6 27. c4 Qa6 28. Qe2 Rcd8 29. Re4 Qf6 30. Rf1 Qb6 31. Qf2 Qc6
32. Rf4 Qg6 33. d5 a6 34. Qc5 b6 35. Qe7 Rde8 36. Qd7 Rd8 37. Qh3 b5 38.
cxb5 Rxd5 39. bxa6 Qb6+ 40. Kh1 Qxa6 41. Qf3 Qe6 42. h3 Ra5 43. a4 Raa8 44.
Rb1 Qg6 45. Qf1 Rfe8 46. Rf2 Re7 47. Rfb2 Rae8 48. Qf2 Rd7 49. b4 Qh5 50.
Qf1 Rd4 51. a5 Ra8 52. a6 Rd6 53. b5 Rb6 54. Qg1 Qg6 55. Rb4 Kh7 56. Qh2
Ra7 57. Qe5 Kh8 58. Qe8+ Kh7 59. Qc8 Qd6 60. Qc2+ g6 61. Qb3 Kg7 62. Qa4
Kh7 63. Rd1 Qe5 64. Qb3 Qe7 65. Ra1 Qe5 66. Rb1 Qe7 67. Qc3 h5 68. Qd4 Qc7
69. Rc4 Qb8 70. Rcb4 Qc7 71. Rf1 Qb8 72. Rf6 Raxa6 73. Rxf7+ Kh6 74. Qg7+
Kg5 75. h4# { Black checkmated } 1-0

[Event "ICC tourney 2601 (40 5)"]
[Site "Internet Chess Club"]
[Date "2021.06.12"]
[Round "3"]
[White "LIN, CARL:K01-17110834"]
[Black "MARTIN, CHARLOTTE LI:K01-30136112"]
[Result "1-0"]
[ICCResult "Black checkmated"]
[WhiteElo "313"]
[BlackElo "631"]
[Opening "Giuoco Piano"]
[ECO "C54"]
[NIC "IG.02"]
[Time "17:00:16"]
[PlyCount "91"]
[TimeControl "2400+5"]

1. e4 e5 2. Nf3 Nc6 3. Bc4 Bc5 4. c3 Nf6 5. d4 exd4 6. cxd4 d5 7. exd5 Nxd5
8. dxc5 O-O 9. Qxd5 Re8+ 10. Be3 Be6 11. Qxd8 Raxd8 12. Bxe6 Rxe6 13. O-O
h6 14. Nc3 Nb4 15. Rad1 Rxd1 16. Rxd1 Re8 17. a3 Nc2 18. Rd2 Nxe3 19. fxe3
Rxe3 20. Kf2 Re8 21. Re2 Rd8 22. Ke3 Re8+ 23. Kd4 Rd8+ 24. Kc4 c6 25. b4
b5+ 26. Kb3 Rd3 27. Rd2 Re3 28. Kb2 a6 29. Nd1 Re8 30. Nf2 f6 31. Nd4 Rd8
32. Ne4 Rc8 33. Nd6 Rd8 34. Ne6 Rd7 35. Nd4 Kf8 36. Re2 Rd8 37. Ne6+ Ke7
38. Nxd8+ Kxd8 39. Kc3 Kd7 40. Kd4 Kd8 41. Re8+ Kd7 42. Ke4 Kc7 43. Kf5 Kd7
44. g3 Kc7 45. Ke6 h5 46. Rc8# { Black checkmated } 1-0

[Event "ICC tourney 2601 (40 5)"]
[Site "Internet Chess Club"]
[Date "2021.06.12"]
[Round "3"]
[White "EMERSON COYLE, DELILAH M:K01-16984051"]
[Black "PATEL, RAZA MIKAL:K01-17166561"]
[Result "1-0"]
[ICCResult "Black checkmated"]
[WhiteElo "943"]
[BlackElo "595"]
[Opening "Giuoco Pianissimo: Canal variation"]
[ECO "C50"]
[NIC "IG.02"]
[Time "17:00:19"]
[PlyCount "37"]
[TimeControl "2400+5"]

1. e4 e5 2. Nf3 Nc6 3. Bc4 Bc5 4. Nc3 Nf6 5. d3 d6 6. Bg5 h6 7. Bh4 g5 8.
Nxg5 hxg5 9. Bxg5 Bb4 10. a3 Bxc3+ 11. bxc3 Rg8 12. h4 Rg6 13. Qf3 Be6 14.
Bb5 Bd7 15. Bxc6 Bxc6 16. Qe3 Qd7 17. h5 Ng4 18. hxg6 Nxe3 19. Rh8# { Black
checkmated } 1-0

[Event "ICC tourney 2601 (40 5)"]
[Site "Internet Chess Club"]
[Date "2021.06.12"]
[Round "3"]
[White "DANCIG PERLMAN, GOGO:K01-17151222"]
[Black "CHETLAPALLI, VISHNU:K01-30144870"]
[Result "1-0"]
[ICCResult "Black checkmated"]
[WhiteElo "875"]
[BlackElo "1069"]
[Opening "two knights: Max Lange attack"]
[ECO "C50"]
[NIC "IG.02"]
[Time "17:00:32"]
[PlyCount "53"]
[TimeControl "2400+5"]

1. e4 e5 2. Bc4 Nc6 3. Nf3 Bc5 4. O-O Nf6 5. d4 exd4 6. e5 d5 7. exf6 dxc4
8. fxg7 Rg8 9. Re1+ Be6 10. Bg5 Qd7 11. Nbd2 Rxg7 12. Ne4 Be7 13. Qd2 O-O-O
14. Nf6 Bxf6 15. Bxf6 Rg6 16. Bxd8 Rxg2+ 17. Kxg2 Bh3+ 18. Kh1 Qg4 19. Nh4
Nxd8 20. Rg1 Qxh4 21. Rae1 Qh5 22. Rg3 Bg4 23. Qxd4 Bf3+ 24. Kg1 Bd5 25.
Re5 Nc6 26. Rg8+ Kd7 27. Qxd5# { Black checkmated } 1-0

[Event "ICC tourney 2601 (40 5)"]
[Site "Internet Chess Club"]
[Date "2021.06.12"]
[Round "3"]
[White "MA, JULIAN:K01-30017413"]
[Black "ZHAO, ERICA:K01-17156172"]
[Result "1-0"]
[ICCResult "Black checkmated"]
[WhiteElo "1236"]
[BlackElo "463"]
[Opening "Petrov's defense"]
[ECO "C42"]
[NIC "RG.03"]
[Time "17:01:10"]
[PlyCount "33"]
[TimeControl "2400+5"]

1. e4 e5 2. Nf3 Nf6 3. Nxe5 Nc6 4. Nxc6 dxc6 5. d3 Bg4 6. Be2 Bxe2 7. Qxe2
Bb4+ 8. Bd2 Bxd2+ 9. Nxd2 O-O 10. Nf3 Qd4 11. Nxd4 c5 12. Nf5 Rae8 13. Qf3
Re6 14. O-O-O Rd8 15. e5 Nd5 16. Qg4 Nb4 17. Qxg7# { Black checkmated } 1-0

[Event "ICC tourney 2601 (40 5)"]
[Site "Internet Chess Club"]
[Date "2021.06.12"]
[Round "3"]
[White "YUE, TARIQ:K01-30014129"]
[Black "XU, OWEN:K01-30020820"]
[Result "1-0"]
[ICCResult "Black checkmated"]
[WhiteElo "1470"]
[BlackElo "1127"]
[Opening "QGD: Ragozin variation"]
[ECO "D38"]
[NIC "NI.27"]
[Time "17:00:20"]
[PlyCount "125"]
[TimeControl "2400+5"]

1. Nf3 Nf6 2. d4 d5 3. c4 e6 4. Nc3 Bb4 5. Bg5 O-O 6. e3 c5 7. cxd5 cxd4 8.
Qxd4 Bxc3+ 9. bxc3 exd5 10. Be2 Nc6 11. Qh4 h6 12. Bxf6 Qxf6 13. Qxf6 gxf6
14. Rd1 Be6 15. Nd4 Nxd4 16. cxd4 Rac8 17. Kd2 Rc7 18. Rc1 Rfc8 19. Rxc7
Rxc7 20. Rc1 Rxc1 21. Kxc1 Kf8 22. Kc2 Ke7 23. Kc3 Kd6 24. Kb4 Kc6 25. Bb5+
Kb6 26. Be8 a5+ 27. Kb3 Kc7 28. Ka4 Kb6 29. a3 Ka6 30. h3 Kb6 31. f4 h5 32.
h4 Ka6 33. g3 Kb6 34. Kb3 Ka6 35. Kc3 b5 36. f5 Bxf5 37. Bxf7 Be4 38. Bxh5
Bh7 39. Bf3 Bg8 40. h5 Kb6 41. h6 Kc6 42. e4 Kd6 43. exd5 Bh7 44. Be2 Kxd5
45. Bxb5 f5 46. Bd3 a4 47. Bc2 Bg6 48. Bxa4 Bh7 49. Be8 Kd6 50. a4 Kd5 51.
a5 Kd6 52. Kc4 Bg8+ 53. Kb5 Bh7 54. Kb6 Ke7 55. Bc6 f4 56. gxf4 Bd3 57. a6
Kd6 58. a7 Bf5 59. a8=Q Ke7 60. Qe8+ Kf6 61. Qe5+ Kg6 62. Qg7+ Kh5 63. Qg5#
{ Black checkmated } 1-0

[Event "ICC tourney 2601 (40 5)"]
[Site "Internet Chess Club"]
[Date "2021.06.12"]
[Round "3"]
[White "DEBMISRA, ARIV:K01-17314200"]
[Black "SMIRNOV, ALEXANDER:K01-30029349"]
[Result "1-0"]
[ICCResult "Black checkmated"]
[WhiteElo "308"]
[BlackElo "885"]
[Opening "Queen's gambit accepted"]
[ECO "D20"]
[NIC "QG.03"]
[Time "17:00:15"]
[PlyCount "115"]
[TimeControl "2400+5"]

1. d4 d5 2. c4 dxc4 3. e3 Nf6 4. Bxc4 b6 5. Nf3 Bb7 6. O-O e6 7. Nc3 Bb4 8.
Qa4+ Nc6 9. Bb5 Qd6 10. Ne5 O-O 11. Bxc6 Bxc6 12. Qxc6 Bxc3 13. bxc3 Qxc6
14. Nxc6 Nd5 15. Bd2 Rfe8 16. c4 Nf6 17. f3 Nd7 18. Nb4 c5 19. Nd3 cxd4 20.
exd4 Rac8 21. Rac1 Red8 22. Be3 f6 23. Rfd1 h6 24. c5 g5 25. Nf2 f5 26. c6
Nf6 27. Nd3 Nd5 28. Bf2 Kg7 29. Re1 Kf7 30. Ne5+ Ke7 31. c7 Rxc7 32. Rxc7+
Nxc7 33. Nc6+ Kd7 34. Nxd8 Kxd8 35. Bg3 f4 36. Bf2 Kd7 37. g3 a5 38. gxf4
gxf4 39. Bh4 Nd5 40. Kg2 b5 41. Kh3 Ne3 42. Bf6 b4 43. Be5 a4 44. Bxf4 Nf5
45. Rb1 b3 46. axb3 axb3 47. Rxb3 Nxd4 48. Rd3 e5 49. Bxe5 Ke6 50. Bxd4 Kf5
51. Kg3 Kg5 52. Be3+ Kh5 53. Ra3 Kg6 54. Ra6+ Kf5 55. Bd4 Kg5 56. Rb6 h5
57. h4+ Kf5 58. Rf6# { Black checkmated } 1-0

[Event "ICC tourney 2601 (40 5)"]
[Site "Internet Chess Club"]
[Date "2021.06.12"]
[Round "3"]
[White "WENG, JOHNSON:K01-30136161"]
[Black "YU, YANG:K01-30094337"]
[Result "1-0"]
[ICCResult "Black checkmated"]
[WhiteElo "736"]
[BlackElo "981"]
[Opening "Sicilian: closed"]
[ECO "B23"]
[NIC "SI.44"]
[Time "17:00:19"]
[PlyCount "175"]
[TimeControl "2400+5"]

1. e4 c5 2. Nc3 d6 3. g3 g6 4. Bg2 Bg7 5. d3 e5 6. f4 f6 7. fxe5 fxe5 8.
Nf3 Nf6 9. O-O O-O 10. Bg5 Bg4 11. h3 Bxf3 12. Qxf3 h6 13. Bxf6 Qxf6 14.
Qxf6 Rxf6 15. Nd5 Rxf1+ 16. Rxf1 Nc6 17. a3 Re8 18. Nc7 Re7 19. Nd5 Rf7 20.
Rf2 Kf8 21. Nc7 Rf6 22. Ne6+ Kf7 23. Nc7 Rxf2 24. Kxf2 Ke7 25. Nd5+ Kd7 26.
Kf3 Nd4+ 27. Kg4 Nxc2 28. h4 Ne1 29. Bf1 a5 30. a4 Nc2 31. h5 gxh5+ 32.
Kxh5 Nb4 33. Nb6+ Kc7 34. Nc4 Kd7 35. Kg6 Bf8 36. Kf7 Be7 37. Nb6+ Kd8 38.
Nc4 Bg5 39. Nxa5 b6 40. Nc4 Kc7 41. Ke6 Bc1 42. b3 Nc6 43. Kd5 Kd7 44.
Nxb6+ Kc7 45. Nc4 Nb4+ 46. Ke6 Nc2 47. Nxd6 Bb2 48. Nb5+ Kc6 49. Bh3 Ne1
50. Bf1 Nf3 51. Kf5 Nd2 52. Be2 Nxb3 53. Kg6 Bc1 54. Bg4 Nd2 55. Be6 Nb1
56. Bd5+ Kb6 57. Nd6 Nc3 58. Bb3 Kc6 59. Nc4 Ne2 60. Nxe5+ Kd6 61. Nf7+ Kc6
62. Nxh6 Nxg3 63. Nf7 Ne2 64. Kf6 Nd4 65. Bd1 Bb2 66. Ne5+ Kc7 67. Ke7 Bc3
68. Nc4 Nc6+ 69. Ke6 Nd8+ 70. Kd5 Bd4 71. Nd6 Kd7 72. Bg4+ Kc7 73. Nb5+ Kb6
74. Nxd4 cxd4 75. Kxd4 Ka5 76. Bd7 Kb6 77. e5 Kc7 78. e6 Kd6 79. a5 Kc7 80.
a6 Kb6 81. e7 Kxa6 82. e8=Q Kb7 83. Qxd8 Ka7 84. Qc8 Kb6 85. Kc4 Ka7 86.
Bc6 Kb6 87. Qb7+ Ka5 88. Qb5# { Black checkmated } 1-0

[Event "ICC tourney 2601 (40 5)"]
[Site "Internet Chess Club"]
[Date "2021.06.12"]
[Round "3"]
[White "HAO, RYAN:K01-17217725"]
[Black "LIN, MICHAEL:K01-17281737"]
[Result "0-1"]
[ICCResult "White checkmated"]
[WhiteElo "135"]
[BlackElo "520"]
[Opening "Sicilian: closed"]
[ECO "B23"]
[NIC "SI.44"]
[Time "17:00:31"]
[PlyCount "118"]
[TimeControl "2400+5"]

1. e4 c5 2. Nc3 g6 3. d4 cxd4 4. Qxd4 Nf6 5. Nf3 Nc6 6. Qd1 d6 7. Bb5 Bg7
8. O-O O-O 9. Bg5 a6 10. Bxc6 bxc6 11. Re1 Nd7 12. Qd3 Rb8 13. b3 Nc5 14.
Qd2 Bg4 15. Nh4 Re8 16. Bh6 Bh8 17. Rab1 Qa5 18. Re3 Bd7 19. Rd1 Bxc3 20.
Qxc3 Qxc3 21. Rxc3 Nxe4 22. Re3 Nc5 23. Rde1 Ne6 24. Kh1 c5 25. f4 Bc6 26.
h3 Rb7 27. f5 Nd4 28. Rf1 Nxc2 29. Rc3 Nd4 30. fxg6 fxg6 31. Nf3 Ne2 32.
Re3 Ng3+ 33. Kg1 Nxf1 34. Kxf1 Bxf3 35. Rxf3 Rb4 36. a3 Rd4 37. Ke2 a5 38.
g3 a4 39. bxa4 Rxa4 40. Kd3 Rxa3+ 41. Ke2 Rxf3 42. Kxf3 Kf7 43. Ke3 d5 44.
Kd3 Ke6 45. Kc3 Rc8 46. Bf4 Kf5 47. Kd3 e5 48. Bd2 e4+ 49. Ke3 d4+ 50. Ke2
c4 51. Bc1 e3 52. Kd1 Ke4 53. Ke2 d3+ 54. Kd1 c3 55. Ba3 c2+ 56. Kc1 d2+
57. Kb2 c1=Q+ 58. Kb3 Qb1+ 59. Ka4 Ra8# { White checkmated } 0-1

[Event "ICC tourney 2601 (40 5)"]
[Site "Internet Chess Club"]
[Date "2021.06.12"]
[Round "3"]
[White "JEHIN, RISHIN:K01-30043660"]
[Black "YANG, LUCAS:K01-16740405"]
[Result "1-0"]
[ICCResult "Black checkmated"]
[WhiteElo "786"]
[BlackElo "1049"]
[Opening "Giuoco Pianissimo"]
[ECO "C55"]
[NIC "IG.01"]
[Time "17:00:22"]
[PlyCount "93"]
[TimeControl "2400+5"]

1. e4 e5 2. Nf3 Nc6 3. Bc4 Nf6 4. d3 Bc5 5. c3 d6 6. h3 O-O 7. Nbd2 Be6 8.
O-O Bxc4 9. Nxc4 Bb6 10. Be3 Ne7 11. Bxb6 axb6 12. Ne3 Ng6 13. Nf5 Nf4 14.
Qd2 N6h5 15. h4 Qd7 16. d4 Qe6 17. Ng5 Qc4 18. dxe5 dxe5 19. Qd1 h6 20. Nh3
Nxh3+ 21. gxh3 Nf4 22. Qg4 Ne6 23. Nxh6+ Kh8 24. Nf5 g6 25. Ne3 Qb5 26. Nd5
Qxb2 27. h5 g5 28. Qf5 Kg8 29. Qxe5 Rfd8 30. h6 Rxa2 31. Rxa2 Qxa2 32. Nxc7
Kf8 33. Nxe6+ fxe6 34. h7 Ke7 35. Qxg5+ Kd7 36. Qxd8+ Kxd8 37. h8=Q+ Kc7
38. Qg7+ Kc6 39. Qf6 b5 40. h4 Kd6 41. Rd1+ Kc5 42. Qe5+ Kb6 43. Qd6+ Ka7
44. h5 e5 45. Qxe5 Qe2 46. Ra1+ Kb6 47. Qd6# { Black checkmated } 1-0

[Event "ICC tourney 2601 (40 5)"]
[Site "Internet Chess Club"]
[Date "2021.06.12"]
[Round "3"]
[White "QU, BRIAN:K01-30017435"]
[Black "MERRIMAN, DANN:K01-17079355"]
[Result "1-0"]
[ICCResult "Black resigns"]
[WhiteElo "1482"]
[BlackElo "728"]
[Opening "Two knights defense"]
[ECO "C59"]
[NIC "KP.01"]
[Time "17:00:18"]
[PlyCount "113"]
[TimeControl "2400+5"]

1. e4 e5 2. Nf3 Nc6 3. Bc4 Nf6 4. Ng5 d5 5. exd5 Na5 6. Bb5+ c6 7. dxc6
bxc6 8. Be2 h6 9. Nf3 Bc5 10. Nxe5 Bxf2+ 11. Kxf2 Qd4+ 12. Ke1 Qxe5 13. d4
Qd5 14. Bf3 Qe6+ 15. Kf2 O-O 16. Re1 Qd6 17. Kg1 Be6 18. Nc3 Rad8 19. Be3
Nc4 20. b3 Nxe3 21. Rxe3 c5 22. dxc5 Qxc5 23. Qe2 Bg4 24. Kh1 Bxf3 25. Qxf3
Rfe8 26. Rxe8+ Rxe8 27. Rd1 Qd6 28. h3 Qe5 29. Qd3 Rc8 30. Nb5 a6 31. Nd6
Rd8 32. Qxa6 Ne8 33. Qb6 Qf6 34. Qa5 Nxd6 35. c4 Kf8 36. c5 Nb7 37. Rxd8+
Qxd8 38. Qxd8+ Nxd8 39. b4 Ke7 40. Kg1 Kd7 41. Kf2 Nc6 42. a3 Ne5 43. g4
Kc6 44. Ke2 g6 45. Ke3 f6 46. Kd4 Nd7 47. a4 Ne5 48. b5+ Kc7 49. a5 Nf3+
50. Kd5 Ng1 51. b6+ Kb8 52. a6 Nxh3 53. a7+ Ka8 54. c6 Nf4+ 55. Kd6 h5 56.
c7 Kb7 57. a8=Q+ { Black resigns } 1-0